 Dungeon Crawl Stone Soup version 0.23.2-1-ga50397a (webtiles) character file.

Game seed: 13654058714400081734

167 shadizar the Skirmisher (level 5, -5/34 HPs)
             Began as a Gargoyle Fighter on Apr 27, 2019.
             Splashed by Ijyb's acid (14 damage)
             ... on level 3 of the Dungeon.
             The game lasted 00:02:08 (1552 turns).

shadizar the Skirmisher (Gargoyle Fighter)          Turns: 1552, Time: 00:02:10

Health: -5/34      AC:  3    Str: 20    XL:     5   Next: 48%
Magic:  5/5        EV:  8    Int:  9    God:
Gold:   79         SH:  9    Dex:  9    Spells: 4/4 levels left

rFire    . . .     SeeInvis .   a - +0 flail
rCold    . . .     Gourm    .   c - +0 shield
rNeg     + . .     Faith    .   b - +0 scale mail
rPois    ∞         Spirit   .   (no helmet)
rElec    +         Reflect  .   (no cloak)
rCorr    .         Harm     .   (no gloves)
MR       .....                  (no boots)
Stlth    ..........             (no amulet)
HPRegen  0.11/turn              (no ring)
MPRegen  0.09/turn              (no ring)

@: corroded
A: negative energy resistance 1, electricity resistance, unbreathing,
petrification resistance, rot immunity, AC +4
a: no special abilities


You were on level 3 of the Dungeon.
You were hungry.

You visited 1 branch of the dungeon, and saw 3 of its levels.

You collected 79 gold pieces.

Inventory:

Hand Weapons
 a - a +0 flail (weapon)
 t - a +0 war axe
Armour
 b - a +0 scale mail (worn)
 c - a +0 shield (worn)
Jewellery
 s - an uncursed amulet of the gourmand {unknown}
Scrolls
 e - 3 scrolls of remove curse {unknown}
 g - a scroll of amnesia {unknown}
 i - a scroll of fear {unknown}
 k - a scroll of identify {unknown}
 n - a scroll of enchant armour {unknown}
 o - 2 scrolls of teleportation {unknown}
 p - a scroll of magic mapping {unknown}
 u - a scroll of blinking {unknown}
Potions
 d - a potion of might
 h - a potion of agility {unknown}
 j - a potion of flight {unknown}
 l - a potion of invisibility {unknown}
 m - a potion of lignification {unknown}
 q - a potion of curing {unknown}
 r - a potion of resistance {unknown}
 v - a potion of cancellation {unknown}
Comestibles
 f - 6 rations


   Skills:
 * Level 4.7 Fighting
 + Level 2.7 Maces & Flails
 + Level 3.9 Armour
 + Level 1.4 Dodging
 + Level 4.0 Shields


You had 4 spell levels left.
You didn't know any spells.
Your spell library was empty.

Dungeon Overview and Level Annotations

Branches:
Dungeon (3/15)

Altars:

Annotations:
D:3 Ijyb


Innate Abilities, Weirdness & Mutations

You are resistant to torment.
Your stone body is resilient. (AC +4)
You are immune to poison.
You resist negative energy. (rN+)
You are resistant to electric shocks. (rElec)
You can survive without breathing.
You are immune to petrification.
You are immune to rotting.


Message History

Ijyb is moderately wounded.
You block Ijyb's attack. You block the goblin's attack.
Ijyb zaps a wand.
The bolt of acid hits you! The acid corrodes you!
You are splashed with acid!
You are too injured to fight recklessly!
You are too injured to fight recklessly!
You are too injured to fight recklessly!
You are too injured to fight recklessly!
You are too injured to fight recklessly!
You are too injured to fight recklessly!
You are too injured to fight recklessly!
You are too injured to fight recklessly!
You are too injured to fight recklessly!
Unknown command.
Ijyb zaps a wand.
The bolt of acid hits the goblin!
The goblin is splashed with acid.
The goblin dies!
The bolt of acid hits you.
* * * LOW HITPOINT WARNING * * *
The acid corrodes you!
You are splashed with acid!
You die...

##+# #.# #.
#.# #.###
#.# ##(..##
#.#
####.....#
#.#
.........#
#.# #.....#
#.#
#...######.#
##..g..@...#
###########


You could see Ijyb.

Vanquished Creatures
  Terence (D:3)
  A worker ant (D:2)
  4 gnolls (D:2)
  2 adders
  An ooze (D:1)
  A worm (D:2)
  A dart slug (D:2)
  3 leopard geckos (D:1)
  An orc (D:3)
  2 giant cockroaches
  8 hobgoblins
  4 jackals (D:2)
  3 kobolds
  A quokka (D:3)
  2 bats (D:1)
  7 frilled lizards
  4 goblins (D:2)
  5 rats
51 creatures vanquished.

Vanquished Creatures (others)
  A goblin (D:3)
  A plant (D:2)
2 creatures vanquished.

Grand Total: 53 creatures vanquished

Notes
Turn   | Place    | Note
-------+----------+-------------------------------------------
     0 | D:1      | shadizar the Gargoyle Fighter began the quest for the Orb.
     0 | D:1      | Reached XP level 1. HP: 14/14 MP: 1/1
   115 | D:1      | Reached XP level 2. HP: 17/19 MP: 2/2
   764 | D:2      | Reached XP level 3. HP: 16/24 MP: 3/3
   859 | D:2      | Reached XP level 4. HP: 20/29 MP: 4/4
   981 | D:2      | Reached skill level 1 in Dodging
  1200 | D:2      | Found a faded altar of an unknown god.
  1210 | D:2      | Reached XP level 5. HP: 20/34 MP: 5/5
  1505 | D:3      | Noticed Terence
  1509 | D:3      | Killed Terence
  1545 | D:3      | Noticed Ijyb
  1552 | D:3      | Splashed by Ijyb's acid

Skill      XL: |  1  2  3  4  5 |
---------------+----------------+-----
Fighting       | 4 |  4.7
Dodging        | 1 |  1.4
Shields        | 4 |  4.0
Maces & Flails | |  2.7
Armour         | |  3.9

Action                   |  1- 3 |  4- 6 || total
-------------------------+-------+-------++-------
Melee: Flail             |   103 |   117 ||   220
  Eat: Chunk             |       |     2 ||     2
Armor: Scale mail        |    84 |    55 ||   139
Dodge: Dodged            |    52 |    32 ||    84
Block: Shield            |    90 |    58 ||   148
